Description

Extremely easy. I used to be unable to beat the A.I but now everything is a breeze even ladder games

VOD

https://lotv.spawningtool.com/68421/

Build Order

Get SALT Encoding   

  13  0:04  Drone  
  13  0:15  Overlord  
  14  0:19  Drone  
  15  0:36  Drone x2  
  17  0:53  Drone  
  16  0:53   Hatchery  
  16  0:57  Drone x2  
  17  1:18  Spawning Pool  
  16  1:22  Extractor  saturate gas via building 3 drones whenver you can
  21  2:05  Queen  inhect for larvae
  23  2:06  Queen  inject for larvae
  28  2:24  Metabolic Boost  
  28  2:37  Overlord  
  27  2:48  Baneling Nest  
  32  3:01  Overlord  Just keep spamming Zerglings at this point until you get supply blocked
  39  3:22  Zergling x10  Send your zerglings in and morpgh 6 baneleings and go ham
Spawning Tool Build Advisor. Get it on Overwolf

Go to:

Details

  • Created by: LopLop
  • Published on: Jun 03, 2021
  • Modified on: Jun 03, 2021
  • Patch: 4.11.0
  • Difficulty: Easy
Show
View Real Time Build Order
Export as new Build Order

Comments (2)

On Dec. 22, 2021, 9:56 p.m., LopLop  said:

ALL IN

On June 22, 2021, 8:18 p.m., vicctorrr  said:

Do you think there's any follow up ? Or it's just an all-in ?

Create an account to comment!